 Dungeon Crawl Stone Soup version 0.30-a0-715-gdb4ae3ece1 (webtiles) character file.

Game seed: 16225411146334939550

5 browni3141 the Caller (level 1, 0/15 HPs)
             Began as a Naga Summoner on Jan 24, 2023.
             Slain by a jackal (2 damage)
             ... on level 1 of the Dungeon.
             The game lasted 00:00:26 (233 turns).

browni3141 the Caller (Naga Summoner)                Turns: 233, Time: 00:00:27

Health: 0/15       AC:  1    Str: 10    XL:     1   Next: 80%
Magic:  1/3        EV: 10    Int: 15    God:
Gold:   19         SH:  0    Dex: 11    Spells: 3/4 levels left

rFire   . . .      SeeInvis +    (no weapon)
rCold   . . .      Faith    .    (no shield)
rNeg    . . .      Spirit   .    a - +0 robe
rPois   +          Reflect  .    (no helmet)
rElec   .          Harm     .    (no cloak)
rCorr   .          Rampage  .    (no gloves)
Will    .....                    (no barding)
Stlth   ++                       (no amulet)
HPRegen 0.22/turn                (no ring)
MPRegen 0.08/turn                (no ring)

@: very slow
A: AC +0, large, see invisible, deformed body, poison resistance, slowness 2,
spit poison 1, naga tail 1
a: Spit Poison


You were on level 1 of the Dungeon.
You visited 1 branch of the dungeon, and saw 1 of its levels.

You collected 19 gold pieces.

Inventory:

Armour
 a - a +0 robe (worn)
Potions
 b - a potion of magic


   Skills:
 * Level 0.0 Fighting
 - Level 1.7 Dodging
 - Level 3.2 Stealth
 - Level 2.1 Spellcasting
 - Level 4.0 Summonings


You had 3 spell levels left.
You knew the following spells:

 Your Spells              Type           Power      Damage    Failure   Level
a - Summon Small Mammal   Summ           52%        N/A       4%          1

Your spell library contained the following spells:

 Spells                   Type           Power      Damage    Failure   Level
 Call Imp                 Summ           13%        N/A       6%          2
 Call Canine Familiar     Summ           13%        N/A       12%         3
 Summon Guardian Golem    Hex/Summ       7%         N/A       28%         3
 Summon Lightning Spire   Summ/Air       7%         N/A       67%         4


Dungeon Overview and Level Annotations

Branches:
Dungeon (1/15)

Altars:


Innate Abilities, Weirdness & Mutations

Your serpentine skin is tough. (AC +0)
You have supernaturally acute eyesight. (SInv)
Armour fits poorly on your strangely shaped body.
Your system is resistant to poisons. (rPois)
You cover ground very slowly.
You can spit poison.
You have a snake-like lower body.


Message History

You miss the jackal.
Your bat closely misses the jackal.
The jackal bites you.
You hit the jackal.
The jackal is lightly wounded.
Your bat barely misses the jackal.
The jackal bites you. x2
The jackal barely misses you.
Your bat hits the jackal but does no damage.
Your bat closely misses the jackal.
The jackal misses you. The jackal bites you.
Your bat disappears in a puff of smoke!
Your bat hits the jackal but does no damage.
The jackal bites you. x2; The jackal closely misses you.
The jackal bites you.
* * * LOW HITPOINT WARNING * * *
You are too injured to fight recklessly!
The jackal attacks as you move away! The jackal barely misses you.
The jackal attacks as you move away! The jackal bites you.
* * * LOW HITPOINT WARNING * * *
Your bat closely misses the jackal.
Your bat misses the jackal. The jackal misses you.
There is a stone staircase leading down here.
You hit the jackal.
The jackal is severely wounded.
Your bat barely misses the jackal.
The quokka bites your bat.
Your bat dies!
Your bat's corpse disappears in a puff of smoke!
Your quokka misses the jackal. The jackal closely misses you.
The jackal barely misses you.
You barely miss the jackal.
The jackal is severely wounded.
Your quokka barely misses the jackal.
The jackal closely misses you. The jackal misses you.
Your quokka closely misses the jackal.
You hit the jackal but do no damage.
The jackal is severely wounded.
The jackal bites you.
* * * LOW HITPOINT WARNING * * *
The jackal closely misses you. The jackal misses you.
The jackal closely misses you.
Your quokka closely misses the jackal.
You hit the jackal but do no damage.
The jackal is severely wounded.
The jackal barely misses you. The jackal bites you.
You die...

.# ##.# #... #..# ######
#..# #....# ###..####
#.##.# #.[r....# #.##.#
#hh# #.##.# #@r##.##.
#.##.# # #........
####.##.# #.#.###.##.
^....##.# #.#.###.#
##..###.# #.......#
##.†# #.# ###.#####
.#..###.########.#
.#...##..........#
............###.........


You could see a quokka, 2 jackals and a friendly quokka (summoned).

Vanquished Creatures
  A ball python (D:1)
  A frilled lizard (D:1)
2 creatures vanquished.

Vanquished Creatures (collateral kills)
  An endoplasm (D:1)
  2 goblins (D:1)
  A rat (D:1)
4 creatures vanquished.

Vanquished Creatures (others)
  4 toadstools (D:1)
4 creatures vanquished.

Grand Total: 10 creatures vanquished

Notes
Turn   | Place    | Note
-------+----------+-------------------------------------------
     0 | D:1      | browni3141 the Naga Summoner began the quest for the Orb.
     0 | D:1      | Reached XP level 1. HP: 15/15 MP: 3/3
   233 | D:1      | Slain by a jackal

Illustrated notes

Levels and vault maps discovered:
D:1:      ldierk_walled_garden_2, layout_loops_ring

Action                     || total
---------------------------++-------
  Melee: Unarmed           ||    25
   Cast: Summon Small Mamm ||     8
   Stab: Sleeping          ||     2
 Armour: Robe              ||     4
  Dodge: Dodged            ||    21

Table legend: (Time is in decaauts)
 A = Elapsed time spent in this place.
 B = Non-inter-level travel time spent in this place.
 C = Inter-level travel time spent in this place.
 D = Time resting spent in this place.
 E = Time spent auto-exploring this place.
 F = Levels seen in this place.
 G = Mean time per level.
                   A        B        C        D        E       F      G
               +--------+--------+--------+--------+--------+-----+--------+
         Total |    282 |    282 |      0 |      0 |    200 |   1 |  282.0 |
       Dungeon |    282 |    282 |      0 |      0 |    200 |   1 |  282.0 |
               +--------+--------+--------+--------+--------+-----+--------+

Top non-repeatable levels by time:
     D:1: 282 daAuts
